 Dungeon Crawl Stone Soup version 0.28-a0-1312-g71652a0310 (webtiles) character file.

Game seed: 1938279871112004345

1503 ReploidZero the Covert (level 9, -5/54 HPs)
             Began as a Kobold Brigand on Dec 27, 2021.
             Killed from afar by an orc wizard (6 damage)
             ... with a magic dart
             ... on level 5 of the Dungeon.
             The game lasted 00:10:52 (5836 turns).

ReploidZero the Covert (Kobold Brigand)             Turns: 5836, Time: 00:10:54

Health: -5/54      AC: 10    Str:  9    XL:     9   Next: 8%
Magic:  9/9        EV: 17    Int: 12    God:
Gold:   182        SH:  0    Dex: 20    Spells: 8/8 levels left

rFire   . . .      SeeInvis .   a - +2 dagger (protect)
rCold   . . .      Faith    .   (shield restricted)
rNeg    . . .      Spirit   .   b - +0 robe
rPois   .          Reflect  .   (no helmet)
rElec   .          Harm     .   c - +0 cloak
rCorr   .          Rampage  .   (no gloves)
Will    +....                   (no boots)
Stlth   ++++++....              (no amulet)
HPRegen 0.18/turn               g - ring of willpower
MPRegen 0.11/turn               (no ring)

@: lethally poisoned (-5 -> -24), under a protective aura
A: small, no large weapons, nightstalker 3
a: no special abilities


You were on level 5 of the Dungeon.
You visited 1 branch of the dungeon, and saw 5 of its levels.

You collected 182 gold pieces.

Inventory:

Hand Weapons
 a - a +2 dagger of protection (weapon)
Missiles
 d - 17 poisoned darts (quivered)
 i - a curare-tipped dart
Armour
 b - a +0 robe (worn)
 c - a +0 cloak (worn)
Jewellery
 g - a ring of willpower (left hand)
Wands
 e - a wand of polymorph (2)
 h - a wand of charming (8)
Potions
 f - a potion of magic
 j - a potion of flight
 k - a potion of ambrosia {unknown}
 l - a potion of haste {unknown}
 m - 2 potions of lignification {unknown}


   Skills:
 - Level 5.0 Fighting
 - Level 6.1 Short Blades
 - Level 2.1 Throwing
 - Level 5.1 Dodging
 * Level 12.1 Stealth


You had 8 spell levels left.
You didn't know any spells.
Your spell library contained the following spells:

 Spells                   Type           Power      Damage    Failure   Level
 Freeze                   Ice            0%         1d3       32%         1
 Sting                    Tmut/Pois      0%         1d3       32%         1
 Poisonous Vapours        Pois/Air       0%         N/A       45%         2
 Dazzling Flash           Conj/Hex       0%         N/A       69%         3
 Cause Fear               Hex            0%         N/A       97%         4
 Olgreb's Toxic Radiance  Pois           0%         N/A       97%         4
 Agony                    Necr           0%         N/A       100%        5
 Silence                  Hex/Air        0%         N/A       100%        5
 Yara's Violent Unravell  Hex/Tmut       0%         3d3       100%        5
 Ozocubu's Refrigeration  Ice            0%         4d5       100%        7


Dungeon Overview and Level Annotations

Branches:
Dungeon (5/15)
 Temple: D:4-7

Altars:

Shops:
D:3 :


Innate Abilities, Weirdness & Mutations

You are small and have problems with some larger weapons.
You are completely attuned to the shadows.


Message History

You hear a shout!
Something hits you but does no damage.
You hear a shout!
You hit something.
You hear an angry hiss.
You hear a shout!
Something hits you but does no damage.
You hit something. You hit something but do no damage.
Something hits you but does no damage.
The gnoll sergeant drinks a potion.
The gnoll sergeant suddenly seems more resistant.
You hit something but do no damage. Something hits you.
You barely miss something. The gnoll sergeant closely misses you.
You closely miss something. Something hits you but does no damage.
The gnoll sergeant completely misses you.
You hit something. Something hits you.
You hit something.
The gnoll sergeant hits you from afar with a +2 trident of venom!
You are poisoned.
Something hits you.
You hit something but do no damage.
You feel very sick.
The gnoll sergeant completely misses you.
You barely miss something.
You feel sick. Something hits you. The gnoll sergeant closely misses you.
You hit something but do no damage.
You feel sick. Something closely misses you.
You hit something but do no damage.
You feel sick.
The gnoll sergeant hits you from afar with a +2 trident of venom!
* * * LOW HITPOINT WARNING * * *
You miss something.
You feel sick. Something hits you but does no damage.
The gnoll sergeant hits you from afar with a +2 trident of venom!
* * * LOW HITPOINT WARNING * * *
You are more poisoned.
You hit something.
* * * LOW HITPOINT WARNING * * *
You feel very sick.
You hear some strange, mumbled words.
A magic dart appears from out of thin air!
The magic dart hits you.
You die...

..##.# ##.# .
....# ##..#
..##..#######...#
.....<...........
..##.########....
#.# ##....
#####.# #.....
#)..$.# #.....
#@#####
#####.#... #{#
#......... #g#
#.###.###. #.#
#.# #.# #. ..#
#.# #.###.
#.###.....
#.........
#########. ##


You could see a gnoll sergeant (resistant).

Vanquished Creatures
  Grinder (D:3)
  Sigmund (D:3)
  An ice beast (D:5)
  A black bear (D:4)
  An ogre (D:4)
  A phantom (D:4)
  2 scorpions
  A water moccasin zombie (D:5)
  Dowan (D:5)
  A hound (D:4)
  A centaur skeleton (D:4)
  Jessica (D:2)
  Natasha (thrice) (D:2)
  An iguana (D:4)
  2 howler monkey skeletons (D:5)
  11 gnolls
  5 adders
  An adder zombie (D:5)
  2 worms
  A dart slug (D:2)
  3 orcs
  5 ball pythons
  6 bats
  7 endoplasms
  3 giant cockroaches
  7 goblins
  11 hobgoblins
  6 jackals
  4 quokkas
  4 frilled lizards
  10 kobolds
  10 rats
115 creatures vanquished.

Vanquished Creatures (collateral kills)
  Duvessa (D:5)
1 creature vanquished.

Grand Total: 116 creatures vanquished

Notes
Turn   | Place    | Note
-------+----------+-------------------------------------------
     0 | D:1      | ReploidZero the Kobold Brigand began the quest for the Orb.
     0 | D:1      | Reached XP level 1. HP: 12/12 MP: 1/1
    75 | D:1      | Reached XP level 2. HP: 18/18 MP: 2/2
   122 | D:1      | Got Jiki's Volume of the Enchanting Glacier
   395 | D:1      | Reached XP level 3. HP: 22/22 MP: 3/3
   622 | D:1      | Reached skill level 6 in Stealth
   870 | D:1      | Found a faded altar of an unknown god.
  1182 | D:2      | Reached XP level 4. HP: 27/27 MP: 4/4
  1377 | D:2      | Noticed Natasha
  1381 | D:2      | Killed Natasha
  1420 | D:2      | Reached XP level 5. HP: 25/32 MP: 5/5
  1805 | D:2      | Noticed Natasha
  1841 | D:2      | Killed Natasha
  2278 | D:2      | Noticed Jessica
  2282 | D:2      | Killed Jessica
  2283 | D:2      | Reached skill level 7 in Stealth
  2525 | D:2      | Noticed Natasha
  2538 | D:2      | Killed Natasha
  2627 | D:3      | Reached XP level 6. HP: 31/37 MP: 6/6
  2858 | D:3      | Noticed Grinder
  2883 | D:3      | Killed Grinder
  2884 | D:3      | Reached skill level 8 in Stealth
  2884 | D:3      | Reached XP level 7. HP: 11/42 MP: 7/7
  3164 | D:3      | HP: 2/43 [gnoll (6)]
  3497 | D:3      | Noticed Sigmund
  3501 | D:3      | Killed Sigmund
  3502 | D:3      | Reached skill level 5 in Short Blades
  3801 | D:3      | Found Ogompuk's Book Shoppe.
  4168 | D:4      | Reached skill level 9 in Stealth
  4168 | D:4      | Reached XP level 8. HP: 48/48 MP: 8/8
  4851 | D:4      | Reached skill level 5 in Fighting
  4851 | D:4      | Reached skill level 5 in Dodging
  4851 | D:4      | Reached skill level 10 in Stealth
  5172 | D:5      | Entered Level 5 of the Dungeon
  5196 | D:5      | Noticed Dowan
  5198 | D:5      | Noticed Duvessa
  5217 | D:5      | Killed Duvessa
  5231 | D:5      | Killed Dowan
  5232 | D:5      | Reached skill level 11 in Stealth
  5649 | D:5      | Reached XP level 9. HP: 54/54 MP: 9/9
  5688 | D:5      | Reached skill level 12 in Stealth
  5836 | D:5      | HP: 1/54 [poisoned by a gnoll sergeant]
  5836 | D:5      | Killed from afar by an orc wizard

Illustrated notes

Levels and vault maps discovered:
D:1:      dpeg_arrival_rooms_c, layout_rooms,
          dilly_ecumenical_altar_fadedgnrine, serial_bayou_pond_b
D:2:      layout_basic, st_stairs_13, minmay_tree_intersection, uniq_jessica,
          uniq_natasha
D:3:      layout_basic, serial_shops, shop, uniq_sigmund, uniq_grinder
D:4:      layout_gridville, feat_on_display
D:5:      layout_loops_corners, portal_sewer_entry_c, serial_shops, shop,
          minmay_hedge_maze, chequers_serial_rivers_micro_d, uniq_duvessa,
          uniq_menkaure

Skill      XL: |  1  2  3  4  5  6  7  8  9 |
---------------+----------------------------+-----
Short Blades   | 3 4 5 6 |  6.1
Dodging        | 2 3 4 5 |  5.1
Stealth        | 6 7 8 9 11 12 | 12.1
Fighting       | 3 4 5 |  5.0
Throwing       | |  2.1

Action                   |  1- 3 |  4- 6 |  7- 9 || total
-------------------------+-------+-------+-------++-------
Melee: Dagger            |    89 |   126 |   290 ||   505
Throw: Dart              |       |    12 |    10 ||    22
  Use: Scroll            |     1 |       |     7 ||     8
       Potion            |       |     1 |     2 ||     3
 Stab: Sleeping          |    18 |    16 |    20 ||    54
       Distracted        |       |     1 |     1 ||     2
Armor: Robe              |    20 |    15 |    64 ||    99
Dodge: Dodged            |    61 |    66 |   178 ||   305

Table legend: (Time is in decaauts)
 A = Elapsed time spent in this place.
 B = Non-inter-level travel time spent in this place.
 C = Inter-level travel time spent in this place.
 D = Time resting spent in this place.
 E = Time spent auto-exploring this place.
 F = Levels seen in this place.
 G = Mean time per level.
                   A        B        C        D        E       F      G
               +--------+--------+--------+--------+--------+-----+--------+
         Total |   5732 |   5499 |    233 |      0 |   4586 |   5 | 1146.4 |
       Dungeon |   5732 |   5499 |    233 |      0 |   4586 |   5 | 1146.4 |
               +--------+--------+--------+--------+--------+-----+--------+

Top non-repeatable levels by time:
     D:2: 1607 daAuts
     D:3: 1306 daAuts
     D:4: 1195 daAuts
     D:1: 993 daAuts
     D:5: 629 daAuts
